 Dungeon Crawl Stone Soup version 0.30.1-4-g462c640d31 (webtiles) character file.

Game seed: 10908807855494081216

36995 spardeous the Severer (level 13, -4/126 HPs)
             Began as a Minotaur Berserker on Aug 20, 2023.
             Was a High Priest of Trog.
             Slain by a hog (9 damage)
             ... led by Kirke
             ... on level 2 of the Lair of Beasts.
             The game lasted 00:26:52 (14839 turns).

spardeous the Severer (Minotaur Berserker)         Turns: 14839, Time: 00:26:52

Health: -4/126     AC:  0    Str: 25    XL:     13   Next: 56%
Magic:  12/12      EV: 14    Int:  4    God:    Trog [*****.]
Gold:   1032       SH:  5    Dex: 12    Spells: 12/12 levels left

rFire   . . .        R - melded +6 broad axe (freeze)
rCold   . . .        b - melded +0 tower shield
rNeg    . . .        U - melded +0 chain mail "Jonoe" {Fly rN++ Int+2 Dex-3}
rPois   .            (helmet currently unavailable)
rElec   .            k - melded +0 cloak of Imaegg {Int+3}
rCorr   .            Q - melded +1 pair of gloves
SInv    .            j - melded +0 pair of boots
Will    .....        A - amulet of reflection
Stlth   +++          p - melded ring of the Turtle {rC+ Dex+4}
HPRegen 0.41/turn    M - melded ring of positive energy
MPRegen 0.13/turn

%: reflection
@: pig-form, on berserk cooldown, slowed, studying Stealth
A: fast, no casting, small, (horns 2), (retaliatory headbutt)
a: Renounce Religion, Berserk, Trog's Hand, Brothers in Arms


You were on level 2 of the Lair of Beasts.
You worshipped Trog.
Trog was extremely pleased with you.
You were a filthy swine.
You visited 2 branches of the dungeon, and saw 15 of its levels.
You also visited: Sewer and Gauntlet.

You collected 1032 gold pieces.

Inventory:

Hand Weapons
 a - a +0 hand axe
 l - a +0 war axe
 K - a +4 morningstar
 R - a +6 broad axe of freezing (melded)
Missiles
 F - 5 silver javelins
Armour
 b - a +0 tower shield (melded)
 j - a +0 pair of boots (melded)
 k - the +0 cloak of Imaegg (melded) {Int+3}
   (You found it in a Gauntlet)

   Int:       It affects your intelligence (+3).
 J - +0 swamp dragon scales
 N - the +0 chain mail of Limited Liability {-Tele Rampage Will++ Dex+3}
   (You took it off a minotaur in a Gauntlet)

   Dex:       It affects your dexterity (+3).
   -Tele:     It prevents most forms of teleportation.
   Rampage:   It bestows one free step when moving towards enemies.
   Will:      It greatly increases your willpower.
 Q - a +1 pair of gloves (melded)
 U - the +0 chain mail "Jonoe" (melded) {Fly rN++ Int+2 Dex-3}
   (You found it on level 1 of the Lair of Beasts)

   Int:       It affects your intelligence (+2).
   Dex:       It affects your dexterity (-3).
   rN:        It greatly protects you from negative energy.
   Fly:       It grants you flight.
Jewellery
 p - the ring of the Turtle (melded) {rC+ Dex+4}
   (You found it on level 6 of the Dungeon)

   [ring of protection from cold]

   Dex:       It affects your dexterity (+4).
   rC:        It protects you from cold.
 x - a ring of resist corrosion
 A - an amulet of reflection (around neck)
 D - an amulet of the acrobat
 M - a ring of positive energy (melded)
Wands
 r - a wand of paralysis (16)
 s - a wand of iceblast (3)
 E - a wand of flame (46)
 O - a wand of polymorph (10)
 X - a wand of quicksilver (5)
 Y - a wand of digging (14)
 Z - a wand of mindburst (15)
Scrolls
 e - a scroll of identify
 g - 7 scrolls of teleportation {unknown}
 h - 3 scrolls of vulnerability
 m - 4 scrolls of fear
 n - 2 scrolls of amnesia {unknown}
 o - 4 scrolls of noise {unknown}
 t - 3 scrolls of immolation {unknown}
 u - a scroll of silence
 w - 2 scrolls of torment
 y - 2 scrolls of summoning
 G - a scroll of fog
 P - 2 scrolls of enchant armour
 T - 2 scrolls of poison
 W - 2 scrolls of blinking
Potions
 c - a potion of mutation
 d - 3 potions of resistance
 f - 11 potions of curing
 i - a potion of berserk rage
 q - 4 potions of lignification {unknown}
 v - 4 potions of cancellation {unknown}
 z - a potion of haste {unknown}
 B - 2 potions of might
 C - 5 potions of heal wounds {unknown}
 H - 2 potions of ambrosia {unknown}
 I - a potion of flight {unknown}
 L - 2 potions of attraction
 S - a potion of invisibility {unknown}
 V - 2 potions of brilliance {unknown}


   Skills:
 - Level 15.0 Fighting
 - Level 18.1 Axes
 + Level 9.3 Armour
 - Level 2.1 Dodging
 - Level 4.9 Stealth
 - Level 12.3 Shields


You had 12 spell levels left.
You didn't know any spells.
Your spell library contained the following spells:

 Spells                   Type           Power      Damage    Failure   Level
 Sandblast                Erth           0%         2d4       50%         1
 Passwall                 Tmut/Erth      0%         N/A       65%         2
 Stone Arrow              Conj/Erth      0%         3d7       86%         3
 Summon Guardian Golem    Hex/Summ       0%         N/A       86%         3
 Orb of Destruction       Conj           0%         9d5       100%        7
 Spellforged Servitor     Conj/Summ      0%         N/A       100%        7


Dungeon Overview and Level Annotations

Branches:
Dungeon (12/15)            Temple (0/1) D:6            Lair (3/5) D:11
 Shoals (0/4) Lair:2          Orc (0/2) D:9           Sewer (visited)
Gauntlet (visited)
  Snake: Lair:2-3    Spider: Lair:2-3

Altars:
Gozag
Makhleb
Wu Jian
Xom

Annotations:
Lair:3 Kirke


Innate Abilities, Weirdness & Mutations

You are a filthy swine.
You move quickly.
Your equipment is almost entirely melded.
You are incapable of wielding weapons or throwing items.
You cannot cast spells.
((You have a pair of horns on your head.))
((You reflexively headbutt those who attack you in melee.))


Message History

The hog misses you.
You hit the hog.
The hog is lightly wounded.
The hog closely misses you. x2
You bite the hog!
The hog is moderately wounded.
The hog bites you!
* * * LOW HITPOINT WARNING * * *
You take 10 damage, and have 37/126 hp.
You barely miss the hog.
The hog is moderately wounded.
The hog closely misses you. The hog misses you.
Unknown command.
You hit the hog.
The hog is moderately wounded.
The hog bites you.
* * * LOW HITPOINT WARNING * * *
You take 1 damage, and have 37/126 hp.
You hit the hog.
The hog is severely wounded.
The hog barely misses you. The hog bites you!
* * * LOW HITPOINT WARNING * * *
You take 8 damage, and have 29/126 hp.
You hit the hog.
The hog is severely wounded.
The hog misses you.
You hit the hog.
The hog is severely wounded.
The hog closely misses you. You block the hog's attack.
You barely miss the hog.
The hog is severely wounded.
The hog bites you!
* * * LOW HITPOINT WARNING * * *
You take 13 damage, and have 17/126 hp.
You hit the hog.
The hog is almost dead.
The hog bites you!
* * * LOW HITPOINT WARNING * * *
The hog bites you!
You die...

...††....####...P###.#.#.....####
.###†...##.#....###.##.........#.
.................###.............
.#..#....###.....####.P.......P##
.#####...##..^...............####
..####.#.#.......P.#..####.### #P
.###...#.#........#...# ### ## .#
#........P..#.###.## #
.###...####....#h#.8..# #
.......# #.###.#hh...# # .#P..###
#..#...8.>.8# ####.#
#...###.....# # #..# #..##
##....# # ##.######.#.# ###+.##
#######
###..#.##.....###.....###.....##
.#..#.#....#...#.......#..(....##
...###.+.[.......................


You could see 2 hogs.

Vanquished Creatures
  A minotaur (Gauntlet)
  A hydra (D:12)
  A ghost crab (Gauntlet)
  5 two-headed ogres
  A centaur warrior (D:12)
  2 boulder beetles
  A death scarab (Gauntlet)
  A tengu warrior (D:11)
  A soul eater (Gauntlet)
  4 sixfirhies (Gauntlet)
  Amaemon (D:8)
  A spectral catoblepas (Gauntlet)
  A deep elf pyromancer (D:12)
  2 ugly things (D:12)
  A cyclops (D:12)
  A black mamba (Lair:1)
  Maurice (D:8)
  An orange demon (D:8)
  5 cane toads
  A rime drake (Lair:1)
  2 kobold demonologists (D:9)
  2 unseen horrors
  Maggie (D:7)
  8 komodo dragons
  2 minotaur zombies (Gauntlet)
  3 trolls
  Prince Ribbit (Lair:3)
  18 blink frogs
  A wind drake (Lair:2)
  5 dream sheep (Lair:2)
  Sigmund (D:3)
  2 slime creatures (Gauntlet)
  A wraith (D:10)
  3 wyverns
  25 yaks
  2 hogs (Lair:3)
  A steam dragon (D:6)
  4 vampire mosquitoes (D:12)
  Menkaure (D:7)
  An acid dragon (D:8)
  Duvessa (D:5)
  6 water moccasins
  Pargi (Sewer)
  6 orc warriors
  A sky beast (D:7)
  2 black bears
  An ice beast (D:6)
  4 wolves (Lair:1)
  4 centaurs
  A phantom (D:5)
  3 kobold brigands
  7 bullfrogs
  A gnoll sergeant (D:8)
  5 scorpions
  5 wights (D:7)
  Dowan (D:5)
  22 killer bees
  6 howler monkeys
  4 hounds
  5 jellies
  A gnoll bouda (D:7)
  5 orc priests
  2 iguanas
  A sleepcap (D:6)
  Ijyb (D:3)
  14 orc wizards
  Robin (D:3)
  7 gnolls
  11 adders
  2 river rats (D:4)
  4 shadow imps (Gauntlet)
  2 white imps
  2 ufetubi
  3 worms
  48 orcs
  8 bats
  5 endoplasms
  3 giant cockroaches
  18 goblins
  6 hobgoblins
  12 jackals
  21 kobolds
  3 quokkas
  15 ball pythons
  10 frilled lizards
  6 rats
414 creatures vanquished.

Vanquished Creatures (others)
  A manticore (Lair:2)
1 creature vanquished.

Grand Total: 415 creatures vanquished

Notes
Turn   | Place    | Note
-------+----------+-------------------------------------------
     0 | D:1      | spardeous the Minotaur Berserker began the quest for the
                  | Orb.
     0 | D:1      | Reached XP level 1. HP: 19/19 MP: 0/0
    43 | D:1      | Reached skill level 4 in Axes
   116 | D:1      | Reached XP level 2. HP: 26/26 MP: 1/1
   311 | D:1      | Reached skill level 5 in Axes
   317 | D:1      | Reached XP level 3. HP: 14/31 MP: 2/2
   649 | D:1      | Reached ** piety under Trog
   885 | D:2      | Found a shimmering altar of Xom.
  1349 | D:2      | Found a faded altar of an unknown god.
  1600 | D:2      | Reached skill level 6 in Axes
  1600 | D:2      | Reached XP level 4. HP: 39/39 MP: 3/3
  1774 | D:3      | Noticed Robin
  1784 | D:3      | Killed Robin
  2028 | D:3      | Noticed Ijyb
  2037 | D:3      | Killed Ijyb
  2038 | D:3      | Reached skill level 7 in Axes
  2038 | D:3      | Reached XP level 5. HP: 42/45 MP: 4/4
  2185 | D:3      | Noticed Sigmund
  2190 | D:3      | Reached *** piety under Trog
  2201 | D:3      | Killed Sigmund
  2202 | D:3      | Reached skill level 8 in Axes
  2202 | D:3      | Reached XP level 6. HP: 51/51 MP: 5/5
  2441 | D:4      | Found a shimmering altar of Xom.
  2467 | D:4      | Reached skill level 9 in Axes
  2562 | D:4      | Found a glowing drain.
  2598 | Sewer    | Entered a sewer
  2653 | Sewer    | Noticed Pargi
  2675 | Sewer    | Killed Pargi
  2676 | Sewer    | Reached XP level 7. HP: 27/57 MP: 6/6
  2842 | Sewer    | Reached skill level 10 in Axes
  3103 | D:4      | Reached **** piety under Trog
  3311 | D:5      | Entered Level 5 of the Dungeon
  3320 | D:5      | Noticed Duvessa
  3321 | D:5      | Noticed Dowan
  3328 | D:5      | Killed Duvessa
  3329 | D:5      | Reached skill level 11 in Axes
  3337 | D:5      | Noticed a two-headed ogre
  3340 | D:5      | Killed Dowan
  3341 | D:5      | Reached XP level 8. HP: 60/64 MP: 7/7
  3350 | D:5      | Killed a two-headed ogre
  3351 | D:5      | Reached skill level 13 in Axes
  3856 | D:5      | Reached skill level 5 in Fighting
  4052 | D:6      | Found a staircase to the Ecumenical Temple.
  4073 | D:6      | Reached XP level 9. HP: 62/75 MP: 8/8
  4393 | D:6      | Found an ornate altar of the Wu Jian Council.
  4393 | D:6      | Found a burning altar of Makhleb.
  4655 | D:6      | Identified the ring of the Turtle {rC+ Dex+4}
  5363 | D:7      | Noticed Menkaure
  5520 | D:7      | Reached skill level 10 in Fighting
  5596 | D:7      | Reached ***** piety under Trog
  5762 | D:7      | Noticed Maggie
  5773 | D:7      | Killed Maggie
  5988 | D:7      | Killed Menkaure
  5989 | D:7      | Reached skill level 5 in Shields
  6591 | D:8      | Reached XP level 10. HP: 93/93 MP: 9/9
  6606 | D:8      | Noticed an orange demon
  6607 | D:8      | Noticed Amaemon
  6615 | D:8      | Killed an orange demon
  6621 | D:8      | Killed Amaemon
  6621 | D:8      | Received a gift from Trog
  7010 | D:8      | Noticed Maurice
  7020 | D:8      | Killed Maurice
  7129 | D:8      | Noticed a two-headed ogre
  7138 | D:8      | Killed a two-headed ogre
  7139 | D:8      | Reached skill level 10 in Shields
  7381 | D:9      | Found a staircase to the Orcish Mines.
  7833 | D:9      | Noticed a two-headed ogre
  7843 | D:9      | Killed a two-headed ogre
  7844 | D:9      | Reached XP level 11. HP: 87/99 MP: 10/10
  7901 | D:9      | Reached skill level 1 in Stealth
  8268 | D:9      | Found an opulent altar of Gozag.
  8339 | D:10     | Entered Level 10 of the Dungeon
  8786 | D:10     | Reached skill level 14 in Axes
  9543 | D:11     | Found a staircase to the Lair.
  9784 | D:11     | Reached skill level 15 in Axes
 10141 | D:11     | Noticed a two-headed ogre
 10146 | D:11     | Killed a two-headed ogre
 10280 | D:11     | Noticed a tengu warrior
 10318 | D:11     | Killed a tengu warrior
 10319 | D:11     | Reached skill level 16 in Axes
 10856 | D:12     | Noticed a green ugly thing
 10858 | D:12     | Noticed a boulder beetle
 10878 | D:12     | Killed a green ugly thing
 10912 | D:12     | Killed a boulder beetle
 10913 | D:12     | Reached XP level 12. HP: 32/106 MP: 11/11
 11181 | D:12     | Reached skill level 17 in Axes
 11323 | D:12     | Noticed a two-headed ogre
 11332 | D:12     | Killed a two-headed ogre
 11523 | D:12     | Noticed a six-headed hydra
 11525 | D:12     | Noticed a centaur warrior
 11570 | D:12     | Killed a centaur warrior
 11892 | D:12     | Killed a six-headed hydra
 11893 | D:12     | Reached skill level 18 in Axes
 12095 | Lair:1   | Entered Level 1 of the Lair of Beasts
 12112 | Lair:1   | Found a gate leading to a gauntlet.
 12122 | Gauntlet | Entered a Gauntlet
 12122 | Gauntlet | Found a transporter.
 12129 | Gauntlet | Found a transporter.
 12132 | Gauntlet | Found a transporter.
 12133 | Gauntlet | Found a transporter.
 12141 | Gauntlet | Found a transporter.
 12144 | Gauntlet | Found a transporter.
 12145 | Gauntlet | Found a transporter.
 12152 | Gauntlet | Noticed a death scarab
 12156 | Gauntlet | Found a transporter.
 12156 | Gauntlet | Found a transporter.
 12157 | Gauntlet | Found a transporter.
 12164 | Gauntlet | Noticed a ghost crab
 12165 | Gauntlet | Found a transporter.
 12168 | Gauntlet | Found a transporter.
 12169 | Gauntlet | Found a transporter.
 12185 | Gauntlet | Found a transporter.
 12400 | Gauntlet | Killed a death scarab
 12471 | Gauntlet | Killed a ghost crab
 12482 | Gauntlet | Identified the +0 cloak of Imaegg {Int+3}
 12576 | Gauntlet | Identified the +0 chain mail of Limited Liability {-Tele
                  | Rampage Will++ Dex+3}
 12576 | Gauntlet | Noticed a minotaur
 12590 | Gauntlet | Killed a minotaur
 12608 | Gauntlet | Identified the staff of fire "Yfu Tyip" {rElec rPois rF+
                  | rC+ Int-4}
 12712 | Lair:1   | Reached XP level 13. HP: 125/125 MP: 12/12
 12718 | Lair:1   | Found a frozen archway.
 13031 | Lair:1   | Identified the +0 chain mail "Jonoe" {Fly rN++ Int+2 Dex-3}
 13135 | Lair:1   | Reached skill level 15 in Fighting
 13656 | Lair:2   | Reached skill level 5 in Armour
 14134 | Lair:2   | Found a staircase to the Shoals.
 14633 | Lair:3   | Noticed Prince Ribbit
 14647 | Lair:3   | Reached ****** piety under Trog
 14648 | Lair:3   | Killed Prince Ribbit
 14793 | Lair:3   | Noticed Kirke
 14797 | Lair:3   | Received a gift from Trog
 14839 | Lair:2   | HP: 5/126 [hog[Kirke] (13)]
 14839 | Lair:2   | Slain by a hog

Illustrated notes

Levels and vault maps discovered:
D:1:      matt_arrival_debris, layout_basic, kennysheep_pointless_box
D:2:      layout_loops_ring, basic_altar, shapermc_ecumenical_altar_mp_vishouse,
          minmay_randomly_rotated_circles
D:3:      layout_rooms, uniq_sigmund, uniq_ijyb, uniq_robin
D:4:      layout_rooms, lemuel_doored_altar, portal_sewer_entry_b
D:5:      layout_cave_pools, minmay_tree_intersection, uniq_duvessa
D:6:      layout_basic, gammafunk_temple_overflow_elements,
          minmay_temple_entry_crystal_x, grunt_decor_one_mirror
D:7:      layout_loops_corners, chequers_serial_rivers_marsh, uniq_maggie,
          uniq_menkaure
D:8:      layout_loops_ring, minmay_manual_macuahuitl, uniq_amaemon,
          uniq_maurice
D:9:      layout_rooms, mainiacjoe_overflow_alcove_2, david_orc_2
D:10:     layout_loops_ring
D:11:     nicolae_cairo_tiling_very_big, layout_loops_ring,
          lightli_fourway_metalbox
D:12:     layout_basic, hangedman_decor_riveting, grunt_tough_drop
Lair:1:   layout_regular_city, gauntlet_entry_generic,
          portal_ice_cave_entry_pillars_1, grunt_megastairs_3, lemuel_fruit_tree
Lair:2:   layout_loops_ring, minmay_shoals_entry_beasts, nzn_sisyphean_effort,
          serial_bayou_shore_b, grunt_megastairs_1
Lair:3:   layout_regular_city, nicolae_snake_entry_squirm,
          infiniplex_staircase_pool_2, uniq_prince_ribbit2, uniq_kirke

Skill      XL: |  1  2  3  4  5  6  7  8  9 10 11 12 13 |
---------------+----------------------------------------+-----
Axes           | 4 5 6 7 8 9 11 13 16 18 | 18.1
Fighting       | 5 10 14 15 | 15.0
Shields        | 5 12 | 12.3
Stealth        | 4 |  4.9
Armour         | 9 |  9.3
Dodging        | |  2.1

Action                     |  1- 3 |  4- 6 |  7- 9 | 10-12 | 13-15 || total
---------------------------+-------+-------+-------+-------+-------++-------
  Melee: Hand axe          |    64 |       |       |       |       ||    64
         Headbutt          |    14 |    12 |    41 |   119 |    29 ||   215
         War axe           |    16 |   116 |   231 |   417 |       ||   780
         Punch             |       |       |     3 |       |       ||     3
         Broad axe         |       |       |       |   106 |   129 ||   235
         Morningstar       |       |       |       |     3 |       ||     3
         Unarmed           |       |       |       |       |    14 ||    14
  Throw: Javelin           |       |       |       |       |     6 ||     6
 Invoke: Berserk           |     1 |     1 |     1 |    14 |     1 ||    18
         Trog's Hand       |       |       |       |     1 |       ||     1
  Evoke: Wand              |       |       |       |     1 |       ||     1
    Use: Scroll            |       |       |       |    17 |     1 ||    18
         Potion            |       |       |       |     5 |       ||     5
   Stab: Distracted        |       |     1 |       |       |       ||     1
         Sleeping          |       |       |       |     2 |     1 ||     3
 Armour: Animal skin       |    13 |    10 |       |       |       ||    23
         Scale mail        |       |     7 |       |       |       ||     7
         Chain mail        |       |    52 |    23 |       |    14 ||    89
         Ring mail         |       |       |    58 |   110 |     5 ||   173
  Dodge: Dodged            |    62 |    69 |    89 |    92 |    47 ||   359
  Block: Other             |       |       |    25 |       |     6 ||    31
         Tower shield      |       |       |    20 |   489 |    93 ||   602
         Reflection        |       |       |     2 |    12 |     2 ||    16
